 Dungeon Crawl Stone Soup version 0.18.1-6-gd335043 (webtiles) character file.

24069 Chiseanne the Whirler (level 12, -3/53 HPs)
             Began as a Spriggan Hunter on May 18, 2016.
             Was an Initiate of Gozag.
             Slain by a red ugly thing (4 damage)
             ... on level 14 of the Dungeon.
             The game lasted 01:18:46 (19451 turns).

Chiseanne the Whirler (Spriggan Hunter)            Turns: 19451, Time: 01:18:46

Health: -3/53      AC:  4    Str:  4    XL:     12   Next: 77%
Magic:  0/13       EV: 34    Int: 13    God:    Gozag
Gold:   314        SH:  6    Dex: 21    Spells: 0 memorised, 11 levels left

rFire  + + .     SeeInvis +     w - +1 hunting sling (velocity)
rCold  + . .     Gourm    .     M - +0 robe {rC+ rF+}
rNeg   + . .     Faith    .     v - +0 buckler
rPois  +         Spirit   +     E - +0 hat
rElec  .         Dismiss  .     G - +1 cloak {MR+}
rCorr  .         Reflect  .     (gloves unavailable)
SustAt .         Harm     .     (boots unavailable)
MR     +++..                    o - amulet of guardian spirit
Stlth  ++........               g - ring of positive energy
                                p - ring of the Hippo {Wiz +Fly rPois rF+ Str-4}

@: very quick, extremely resistant to hostile enchantments, unstealthy
A: unfitting armour, see invisible, herbivore 3, speed 3, slow metabolism 2
a: Potion Petition, Call Merchant, Bribe Branch, Renounce Religion, Evoke Flight


You were on level 14 of the Dungeon.
You worshipped Gozag.
Gozag was noncommittal.
You were not hungry.

You visited 3 branches of the dungeon, and saw 16 of its levels.
You also visited: Labyrinth and Ossuary.

You collected 2350 gold pieces.
You spent 873 gold pieces at shops.
You paid 1163 gold pieces to Gozag.

Inventory:

Hand Weapons
 a - a +2 whip of flaming
 l - a +0 short sword of venom
 q - a +0 blowgun
 w - a +1 hunting sling of velocity (weapon)
Missiles
 b - 15 tomahawks
 e - 155 stones (quivered)
 n - 117 bolts
 s - 3 throwing nets
 F - 41 poisoned needles
Armour
 v - a +0 buckler (worn)
 E - a +0 hat (worn)
 G - a +1 cloak of magic resistance (worn)
 M - a +0 robe of resistance (worn)
Jewellery
 g - a ring of positive energy (right hand)
 o - an amulet of guardian spirit (around neck)
 p - the ring of the Hippo (left hand) {Wiz +Fly rPois rF+ Str-4}
   (You found it in a labyrinth)

   [ring of wizardry]

   It improves your spell success rate.
   It affects your strength (-4).
   It protects you from fire.
   It protects you from poison.
   It lets you fly.
 Q - a +2 ring of slaying
Wands
 I - a wand of digging (0/24)
 R - a wand of teleportation (2/9)
Scrolls
 i - 14 scrolls of remove curse
 j - 2 scrolls of teleportation
 k - 2 scrolls of amnesia
 m - a scroll of immolation
 u - a scroll of blinking
 y - 4 scrolls of identify
 D - a scroll of magic mapping
 L - 3 scrolls of brand weapon
 P - a scroll of fog
 T - a scroll of silence
Potions
 d - a potion of brilliance
 h - 4 potions of flight
 x - a potion of magic
 z - a potion of cure mutation
 A - 3 potions of lignification
 B - 4 potions of might
 C - a potion of haste
Books
 U - a book of Debilitation

   Spells                             Type                      Level
   a - Corona                         Hexes                        1
   b - Slow                           Hexes                        2
   c - Gell's Gravitas                Hexes/Translocation          3
   d - Inner Flame                    Hexes/Fire                   3
   e - Cause Fear                     Hexes                        4
   f - Leda's Liquefaction            Hexes/Earth                  4
 V - a Fen Folio

   Spells                             Type                      Level
   a - Corpse Rot                     Necromancy                   2
   b - Stone Arrow                    Conjuration/Earth            3
   c - Leda's Liquefaction            Hexes/Earth                  4
   d - Summon Forest                  Summoning/Translocation      5
   e - Hydra Form                     Transmutation                6
   f - Summon Hydra                   Summoning                    7
Miscellaneous
 t - a disc of storms
Comestibles
 f - 4 bread rations
 N - 5 royal jellies


   Skills:
 - Level 1.5 Fighting
 * Level 19.7 Slings
 + Level 16.7 Dodging
 - Level 1.5 Stealth


You had 11 spell levels left.
You didn't know any spells.

Dungeon Overview and Level Annotations

Branches:
Dungeon (14/15)            Temple (1/1) D:6            Lair (0/8) D:9
    Orc (1/2) D:12
 Vaults: D:13-14

Altars:
Ashenzari
Cheibriados
Dithmenos
Elyvilon
Fedhas
Gozag
Kikubaaqudgha
Makhleb
Nemelex Xobeh
Okawaru
Pakellas
Qazlal
Ru
Sif Muna
Trog
Vehumet
Xom
Yredelemnul
Zin
The Shining One

Shops:
D:10 =   D:11 *   D:13 [

Annotations:
D:9 Joseph
D:11 Azrael
D:13 Snorg


Innate Abilities, Weirdness & Mutations

You are tiny and cannot use many weapons and most armour.
You have supernaturally acute eyesight.
You are a herbivore.
You cover ground extremely quickly.
You need consume almost no food.


Message History

The red ugly thing trunk-slaps you.
* * * LOW HITPOINT WARNING * * *
You are engulfed in flames.
You resist.
* * * LOW HITPOINT WARNING * * *
Firing (i - inventory. (,) - cycle):
e - 157 stones (quivered)
Press: ? - help, Shift-Dir - straight line, f/p - red ugly thing
Aim: a red ugly thing (almost dead)
You shoot a stone.
The stone closely misses the red ugly thing.
You block the red ugly thing's attack.
Firing (i - inventory. (,) - cycle):
e - 156 stones (quivered)
Press: ? - help, Shift-Dir - straight line, f/p - red ugly thing
Aim: a red ugly thing (almost dead)
You shoot a stone. The stone hits the red ugly thing.
The red ugly thing is almost dead.
The red ugly thing trunk-slaps you!
* * * LOW HITPOINT WARNING * * *
You are engulfed in flames.
You resist.
You die...
Your body crumbles into a pile of gold.

#..## #...# ##..## #...#
#...## ##.u.# #.).##
#....##############.
####..<((((((u@......#
###....(...#######.....#
#....####..# ###.#
...### #### .### ##


You could see a red ugly thing.

Vanquished Creatures
  A minotaur (Lab)
  A naga warrior (D:9)
  2 centaur warriors (D:13)
  Erica (D:8)
  Urug (D:14)
  The ghost of Scarto the Skirmisher, a novice DsFi of Okawaru (D:8)
  An unseen horror (D:11)
  2 hill giants (D:11)
  Pikel (D:4)
  6 ugly things
  A manticore (D:12)
  2 cyclopes
  An efreet (D:13)
  A komodo dragon (D:9)
  A kobold demonologist (D:13)
  A troll (D:12)
  Prince Ribbit (D:5)
  A minotaur skeleton (Lab)
  Grinder (D:5)
  2 two-headed ogres
  3 slime creatures (D:12)
  3 shadows
  2 wraiths (D:10)
  A fire elemental (D:11)
  7 yaks
  2 wyverns
  A hippogriff (D:12)
  4 hungry ghosts
  A mottled dragon (D:10)
  A soldier ant (D:9)
  A water moccasin (D:10)
  5 hell hounds (D:11)
  2 slaves (D:5)
  2 sky beasts
  A black bear (D:11)
  5 orc warriors
  2 necrophages
  2 ice beasts
  2 wasps
  8 ogres
  6 centaurs
  3 crocodiles
  A big kobold (D:13)
  4 giant frogs
  2 gnoll sergeants (D:10)
  6 water moccasin zombies (Ossuary)
  A wyvern skeleton (D:13)
  2 scorpions
  6 jellies
  2 killer bees (D:10)
  4 electric eels (D:13)
  4 wights (D:6)
  3 crimson imps
  7 howler monkeys
  2 quasits
  An iron imp (D:6)
  5 hounds
  3 centaur skeletons
  A giant frog zombie (D:10)
  Crazy Yiuf (D:2)
  An orc priest (D:11)
  2 giant frog skeletons
  Jessica (D:3)
  4 iguanas
  Terence (D:1)
  Ijyb (D:2)
  4 orc wizards
  6 worker ants
  4 sheep (D:11)
  A big kobold zombie (Ossuary)
  2 hound skeletons
  3 mummies
  18 adders
  12 gnolls
  4 shadow imps
  3 adder zombies (Ossuary)
  4 worms
  6 giant geckos
  18 orcs
  7 bats
  A giant cockroach (D:2)
  A gnoll zombie (Ossuary)
  10 goblins
  5 hobgoblins
  14 jackals
  4 quokkas
  A giant gecko zombie (D:8)
  6 giant newts
  A goblin zombie (D:4)
  6 hobgoblin zombies (Ossuary)
  7 kobolds
  A kobold zombie (Ossuary)
  5 orc zombies
  10 rats
  A butterfly (D:6)
323 creatures vanquished.

Vanquished Creatures (collateral kills)
  Rupert (D:12)
  A hydra (D:12)
  A crimson imp (D:12)
  A worker ant (D:12)
4 creatures vanquished.

Vanquished Creatures (others)
  A hill giant (D:9)
  A slave (D:5)
  An ice beast (D:5)
  An adder zombie (Ossuary)
  A giant gecko (D:5)
  4 plants (D:9)
9 creatures vanquished.

Grand Total: 336 creatures vanquished

Notes
Turn   | Place    | Note
--------------------------------------------------------------
     0 | D:1      | Chiseanne the Spriggan Hunter began the quest for the Orb.
     0 | D:1      | Reached XP level 1. HP: 10/10 MP: 2/2
    27 | D:1      | Reached skill level 5 in Slings
    83 | D:1      | Reached XP level 2. HP: 14/14 MP: 3/3
   554 | D:2      | Reached XP level 3. HP: 7/18 MP: 4/4
   771 | D:2      | Noticed Terence
   890 | D:1      | Killed Terence
   890 | D:1      | Reached skill level 6 in Slings
  1176 | D:2      | Reached XP level 4. HP: 22/22 MP: 5/5
  1250 | D:2      | Noticed Crazy Yiuf
  1265 | D:2      | Killed Crazy Yiuf
  1414 | D:2      | Noticed Ijyb
  1420 | D:2      | Killed Ijyb
  1420 | D:2      | Reached XP level 5. HP: 25/25 MP: 6/6
  1470 | D:2      | Reached skill level 5 in Dodging
  1578 | D:2      | Found a radiant altar of Vehumet.
  2132 | D:3      | Reached skill level 7 in Slings
  2204 | D:3      | Noticed Jessica
  2209 | D:3      | Killed Jessica
  2304 | D:3      | Found a deep blue altar of Sif Muna.
  2374 | D:3      | Found a glowing golden altar of the Shining One.
  2844 | D:4      | Found a sand-covered staircase.
  2906 | Ossuary  | Entered an ossuary
  2935 | Ossuary  | Reached XP level 6. HP: 15/30 MP: 7/7
  2947 | Ossuary  | Reached skill level 8 in Slings
  3317 | Ossuary  | HP: 1/30 [poison (a needle trap)]
  3773 | Ossuary  | Reached XP level 7. HP: 33/33 MP: 8/8
  3779 | Ossuary  | Reached skill level 9 in Slings
  4500 | D:4      | Found a shadowy altar of Dithmenos.
  4512 | D:4      | Found an iron altar of Okawaru.
  4751 | D:5      | Entered Level 5 of the Dungeon
  4794 | D:5      | Noticed Pikel
  4861 | D:4      | Reached skill level 10 in Slings
  4897 | D:4      | Killed Pikel
  4897 | D:4      | Reached skill level 11 in Slings
  4897 | D:4      | Reached XP level 8. HP: 37/37 MP: 9/9
  5356 | D:5      | Noticed Prince Ribbit
  5404 | D:5      | Killed Prince Ribbit
  5677 | D:5      | Reached skill level 12 in Slings
  5747 | D:5      | Noticed Grinder
  5747 | D:5      | Paralysed by Grinder for 6 turns
  5789 | D:5      | Killed Grinder
  5789 | D:5      | Reached skill level 10 in Dodging
  5789 | D:5      | Reached XP level 9. HP: 29/41 MP: 10/10
  5852 | D:5      | Found an ancient bone altar of Kikubaaqudgha.
  6883 | D:6      | Found a snail-covered altar of Cheibriados.
  6953 | D:6      | Found a staircase to the Ecumenical Temple.
  7022 | Temple   | Entered the Ecumenical Temple
  7074 | Temple   | Became a worshipper of Gozag Ym Sagoz the Greedy
  7215 | D:8      | Noticed Scarto's ghost (novice DsFi)
  7215 | D:8      | Reached skill level 13 in Slings
  7542 | D:8      | Killed Scarto's ghost
  7791 | D:8      | Noticed Erica
  7819 | D:8      | Killed Erica
  7819 | D:8      | Reached skill level 14 in Slings
  7819 | D:8      | Reached XP level 10. HP: 38/46 MP: 11/11
  7854 | D:8      | Found a blossoming altar of Fedhas.
  8320 | D:9      | Noticed Joseph
  8674 | D:9      | Noticed a cyclops
  8678 | D:9      | Found a large runed door.
  8678 | D:9      | Found a large runed door.
  8692 | D:9      | Noticed a hill giant
  9086 | D:9      | Found a staircase to the Lair.
  9219 | D:9      | Noticed a naga warrior
  9223 | D:9      | Found an iron altar of Okawaru.
  9223 | D:9      | Found an iron altar of Okawaru.
  9258 | D:9      | Killed a hill giant
  9258 | D:9      | Reached skill level 15 in Slings
  9268 | D:9      | Killed a cyclops
  9287 | D:9      | Killed a naga warrior
  9590 | D:10     | Entered Level 10 of the Dungeon
 10349 | D:10     | Reached skill level 16 in Slings
 10720 | D:10     | Reached XP level 11. HP: 39/49 MP: 12/12
 11053 | D:10     | Bought a +2 ring of slaying for 252 gold pieces
 11144 | D:11     | Noticed a white ugly thing
 11270 | D:10     | Killed a white ugly thing
 11626 | D:11     | Noticed a hill giant
 11656 | D:11     | Killed a hill giant
 11694 | D:11     | Noticed a hill giant
 12008 | D:11     | Found Omawked's Assorted Antiques.
 12012 | D:11     | Bought a scroll labeled COETUE KUIFEIPIB for 39 gold pieces
 12012 | D:11     | Bought a scroll of identify for 78 gold pieces
 12012 | D:11     | Bought a scroll of identify for 78 gold pieces
 12012 | D:11     | Bought a potion of heal wounds for 195 gold pieces
 12089 | D:11     | Killed a hill giant
 12134 | D:11     | Noticed an unseen horror
 12148 | D:11     | Killed an unseen horror
 12148 | D:11     | Reached skill level 17 in Slings
 12425 | D:11     | Found a glowing golden altar of the Shining One.
 12486 | D:12     | Noticed Rupert
 12537 | D:12     | Found a labyrinth entrance.
 12537 | D:12     | Noticed a seven-headed hydra
 12539 | D:12     | Noticed a cyan ugly thing
 12677 | Lab      | Entered a labyrinth
 13261 | Lab      | Noticed a minotaur
 13270 | Lab      | Got a glittering brass ring
 13272 | Lab      | Got a clouded ivory ring
 13286 | Lab      | Killed a minotaur
 13461 | D:11     | Identified the ring "Ydghiopu" {MP+9 Stlth+} (You found it in a labyrinth)
 13463 | D:11     | Identified the ring of the Hippo {Wiz +Fly rPois rF+ Str-4} (You found it in a labyrinth)
 13547 | D:12     | Noticed Azrael
 13777 | D:12     | Reached skill level 15 in Dodging
 15030 | D:11     | Killed a cyan ugly thing
 15030 | D:11     | Reached skill level 18 in Slings
 15347 | D:12     | Found a staircase to the Orcish Mines.
 15364 | D:12     | Killed a seven-headed hydra
 15462 | D:12     | Killed Rupert
 15462 | D:12     | Reached XP level 12. HP: 53/53 MP: 13/13
 15966 | Orc:1    | Entered Level 1 of the Orcish Mines
 17308 | D:13     | Noticed a centaur warrior
 17322 | D:13     | Killed a centaur warrior
 17380 | D:13     | Reached skill level 19 in Slings
 17492 | D:13     | Noticed Snorg
 17854 | D:13     | Noticed a centaur warrior
 18129 | D:13     | Killed a centaur warrior
 18821 | D:13     | Bought a +1 cloak of magic resistance for 231 gold pieces
 19138 | D:14     | Noticed Urug
 19167 | D:14     | Killed Urug
 19177 | D:14     | Got a shimmering morningstar
 19451 | D:14     | HP: 1/53 [red ugly thing (9)]
 19451 | D:14     | Slain by a red ugly thing

Skill      XL: |  1  2  3  4  5  6  7  8  9 10 11 12 |
---------------+-------------------------------------+-----
Slings         | 5 6 7 8 11 12 14 16 18 19 | 19.7
Dodging        | 4 5 6 8 10 11 13 15 16 | 16.7
Fighting       | |  1.5
Stealth        | |  1.5

Action                   |  1- 3 |  4- 6 |  7- 9 | 10-12 || total
-------------------------+-------+-------+-------+-------++-------
Melee: Short sword       |     3 |       |       |       ||     3
       Quarterstaff      |       |    52 |    39 |       ||    91
       Whip              |       |       |       |     4 ||     4
 Fire: Hunting sling     |   122 |   147 |   488 |  1573 ||  2330
       Blowgun           |       |       |    28 |   111 ||   139
Throw: Tomahawk          |       |       |     2 |    20 ||    22
       Throwing net      |       |       |       |     3 ||     3
Invok: Call Merchant     |       |       |       |     2 ||     2
Evoke: Wand              |       |       |     5 |    36 ||    41
       Sack of spiders   |       |       |       |    11 ||    11
  Use: Potion            |     2 |       |     2 |    14 ||    18
       Scroll            |       |    11 |    10 |    17 ||    38
 Stab: Petrified         |       |     2 |       |       ||     2
       Sleeping          |       |     2 |       |       ||     2
  Eat: Pizza             |       |       |     2 |     1 ||     3
       Fruit             |       |       |     1 |     3 ||     4
       Royal jelly       |       |       |       |     4 ||     4
Armor: Robe              |     4 |    16 |    11 |    12 ||    43
Dodge: Dodged            |    73 |    76 |    98 |   481 ||   728
Block: Buckler           |       |       |     5 |   124 ||   129
